 Dungeon Crawl Stone Soup version 0.29-a0-72-g1732ff48e7 (webtiles) character file.

Game seed: 16002586913301911889

96 HallandMoats the Skirmisher (level 4, -4/40 HPs)
             Began as a Ghoul Fighter on Feb 4, 2022.
             Slain by Crazy Yiuf (6 damage)
             ... on level 2 of the Dungeon.
             The game lasted 00:05:24 (3286 turns).

HallandMoats the Skirmisher (Ghoul Fighter)         Turns: 3286, Time: 00:05:24

Health: -4/40      AC:  6    Str: 19    XL:     4   Next: 67%
Magic:  4/4        EV:  9    Int:  5    God:
Gold:   92         SH:  4    Dex:  8    Spells: 3/3 levels left

rFire   + . .      SeeInvis .   b - +6 mace of Bile {vorpal, rF+ rC+ rCorr}
rCold   + + .      Faith    .   c - +0 buckler
rNeg    + + +      Spirit   .   q - +0 scale mail
rPois   ∞          Reflect  .   (no helmet)
rElec   .          Harm     .   (no cloak)
rCorr   +          Rampage  .   (no gloves)
Will    +....                   (no boots)
Stlth   ..........              (no amulet)
HPRegen 0.00/turn               o - ring of willpower
MPRegen 0.09/turn               (no ring)

@: inhibited regen
A: claws 1, cold resistance 1, negative energy resistance 3, inhibited
regeneration, torment resistance 2
a: no special abilities


You were on level 2 of the Dungeon.
You visited 1 branch of the dungeon, and saw 3 of its levels.

You collected 92 gold pieces.

Inventory:

Hand Weapons
 a - a +0 trident
 b - the +6 mace of Bile (weapon) {vorpal, rF+ rC+ rCorr}
   (You found it on level 2 of the Dungeon)

   It inflicts extra damage upon your enemies.
   rF:        It protects you from fire.
   rC:        It protects you from cold.
   rCorr:     It protects you from acid and corrosion.
Armour
 c - a +0 buckler (worn)
 q - a +0 scale mail (worn)
Jewellery
 o - a ring of willpower (left claw)
Wands
 d - a wand of mindburst (11)
Scrolls
 f - a scroll of enchant weapon
 j - a scroll of teleportation
 l - a scroll of fear
Potions
 e - a potion of brilliance {unknown}
 g - a potion of heal wounds {unknown}
 h - 2 potions of resistance {unknown}
 i - a potion of lignification {unknown}
 m - 2 potions of attraction {unknown}
 p - a potion of magic {unknown}


   Skills:
 * Level 3.9 Fighting
 * Level 2.4 Polearms
 + Level 3.0 Armour
 + Level 0.8 Dodging
 + Level 3.0 Shields
 * Level 2.0 Invocations


You had 3 spell levels left.
You didn't know any spells.
Your spell library was empty.

Dungeon Overview and Level Annotations

Branches:
Dungeon (3/15)

Altars:

Annotations:
D:2 Crazy Yiuf
D:3 Ijyb, Jessica


Innate Abilities, Weirdness & Mutations

You thrive by killing the living.
You are immune to poison.
You have sharp fingernails.
Your flesh is cold resistant. (rC+)
You are immune to negative energy. (rN+++)
You do not regenerate when monsters are visible.
You are immune to unholy pain and torment.


Message History

Ijyb zaps a wand.
You hear a grinding noise.
The now-empty wand crumbles to dust.
Ijyb screams, "You nasty!
Big nasty!"
Jessica grins evilly.
The orc suddenly complains.
There is a stone staircase leading up here.
You climb upwards.
Level annotation: Crazy Yiuf Crazy Yiuf shouts!
There is a stone staircase leading down here.
Crazy Yiuf is nearby!
Crazy Yiuf is nearby!
Crazy Yiuf is nearby!
There is an open door here.
There is a stone staircase leading up here.
You climb upwards.
There is a stone staircase leading down here.
You start resting.
HP restored.
You climb downwards.
Level annotation: Crazy Yiuf You block Crazy Yiuf's attack.
There is a stone staircase leading up here.
You barely miss Crazy Yiuf.
Crazy Yiuf hits you with a +4 quarterstaff of chaos!
You convulse!
* * * LOW HITPOINT WARNING * * *
Crazy Yiuf hits you with a +4 quarterstaff of chaos!
* * * LOW HITPOINT WARNING * * *
Crazy Yiuf freezes you.
* * * LOW HITPOINT WARNING * * *
You thump Crazy Yiuf!
Crazy Yiuf is severely wounded.
Crazy Yiuf drinks a potion.
Crazy Yiuf is healed!
You sock Crazy Yiuf!
Crazy Yiuf is almost dead.
Crazy Yiuf barely misses you.
Crazy Yiuf hits you with a +4 quarterstaff of chaos.
You die...

#....P..#..##...# #..##........#
..#.#..#.######## ##....#########
##.####### #............# ...#
#............# ##.########### ###
#............# ###.##.......# #.#
#........(...# #..<.........###.#
#............#
....####........g###............#
#.####..........@'..............#
#.# ##..........#####..........#
#.#####..........# #..........#
#.##.............#####.>........#
#.##.###........................#
#.##.# #........................#
..##.# #...............>........#
####.# #...............##########
#.# #...............#


You could see Crazy Yiuf.

Vanquished Creatures
  4 adders
  2 dart slugs (D:1)
  An endoplasm (D:3)
  3 giant cockroaches
  4 goblins
  6 hobgoblins
  3 jackals (D:1)
  3 quokkas
  5 ball pythons
  7 bats
  4 frilled lizards
  6 kobolds
  5 rats
  A spectral kobold (D:3)
54 creatures vanquished.

Notes
Turn   | Place    | Note
-------+----------+-------------------------------------------
     0 | D:1      | HallandMoats the Ghoul Fighter began the quest for the Orb.
     0 | D:1      | Reached XP level 1. HP: 19/19 MP: 0/0
   342 | D:1      | Reached XP level 2. HP: 21/26 MP: 1/1
   722 | D:1      | Reached skill level 1 in Invocations
   790 | D:1      | Reached XP level 3. HP: 25/31 MP: 2/2
  1400 | D:2      | Found a runed translucent door.
  1401 | D:2      | Noticed Crazy Yiuf
  1742 | D:2      | Reached XP level 4. HP: 34/40 MP: 4/4
  2089 | D:2      | Identified the +6 mace of Bile {vorpal, rF+ rC+ rCorr}
  2737 | D:3      | Found a faded altar of an unknown god.
  2975 | D:3      | Noticed Jessica
  2975 | D:3      | Noticed Ijyb
  3284 | D:2      | HP: 2/40 [Crazy Yiuf (1)]
  3286 | D:2      | Slain by Crazy Yiuf

Illustrated notes

Levels and vault maps discovered:
D:1:      dpeg_arrival_round_c, layout_basic, chequers_serial_rivers_micro_e,
          minmay_misc_feat_iff
D:2:      layout_basic, uniq_crazy_yiuf_cottage
D:3:      layout_basic, dreamdust_ecumenical_altar_drowned_temple, uniq_sigmund,
          uniq_jessica, uniq_ijyb

Skill      XL: |  1  2  3  4 |
---------------+-------------+-----
Polearms       | 2 |  2.4
Invocations    | 1 2 |  2.0
Armour         | 3 |  3.0
Shields        | 3 |  3.0
Fighting       | |  3.9
Dodging        | |  0.8

Action                   |  1- 3 |  4- 6 || total
-------------------------+-------+-------++-------
Melee: Trident           |   163 |    12 ||   175
       Mace              |       |    33 ||    33
  Use: Potion            |     1 |       ||     1
       Scroll            |       |     4 ||     4
Armor: Scale mail        |    67 |    18 ||    85
Dodge: Dodged            |    72 |    27 ||    99
Block: Buckler           |    32 |    13 ||    45

Table legend: (Time is in decaauts)
 A = Elapsed time spent in this place.
 B = Non-inter-level travel time spent in this place.
 C = Inter-level travel time spent in this place.
 D = Time resting spent in this place.
 E = Time spent auto-exploring this place.
 F = Levels seen in this place.
 G = Mean time per level.
                   A        B        C        D        E       F      G
               +--------+--------+--------+--------+--------+-----+--------+
         Total |   3350 |   3283 |     67 |    721 |   1824 |   3 | 1116.7 |
       Dungeon |   3350 |   3283 |     67 |    721 |   1824 |   3 | 1116.7 |
               +--------+--------+--------+--------+--------+-----+--------+

Top non-repeatable levels by time:
     D:1: 1532 daAuts
     D:2: 1444 daAuts
     D:3: 374 daAuts
